[ AOE2 MATCH · #504751913 ]
UnrankedChinese vs Japanese
Player's team · WIN
Rival team · LOSS
[ REPLAY ANALYSIS · EXTRACTED FROM THE RECORDED GAME ]
Feudal
9:21
Castle
19:34
Imperial
37:24
| APM avg | 64.0 |
| APM peak | 94 |
| eAPM avg | 24.0 |
| Villagers / military | 145 / 84 |
Focus
⚔️ 36.3% · 🌾 63.7%
Archer ×40 · Skirmisher ×20 · Scout Cavalry ×10 · Chu Ko Nu ×9 · Monk ×3 · Trebuchet (Packed) ×2
Feudal
10:22
Castle
21:19
Imperial
36:58
| APM avg | 48.5 |
| APM peak | 83 |
| eAPM avg | 19.2 |
| Villagers / military | 113 / 130 |
Focus
⚔️ 27.8% · 🌾 72.2%
Cavalry Archer ×61 · Skirmisher ×40 · Archer ×21 · Militia ×4 · Monk ×2 · Mangonel ×2
Match map
Initial resources + every placement click. Lines = walls · curves = elevation contours. ◆ gold · ⬟ stone · ● berries · ✦ relic · ◌ wall gap
Your base· Open — 6t gap
VNS__Pan's base· ✓ Closed at 21:19 · 27t walls · 1 gate(s)
Smoothed initial terrain · ◌ = detected wall gap · hover for details
Inputs per minute
— 边尘使 - - VNS__Pan
Build order — 边尘使
First 150 of 403 actions detected
| 0:01 | Research | Loom |
| 0:41 | Queue | Villager (Male) |
| 0:42 | Queue | Villager (Male) |
| 1:09 | Queue | Villager (Male) |
| 1:09 | Queue | Villager (Male) |
| 1:34 | Queue | Villager (Male) |
| 1:34 | Queue | Villager (Male) |
| 1:54 | Build | Mill |
| 2:04 | Queue | Villager (Male) |
| 2:04 | Queue | Villager (Male) |
| 2:22 | Queue | Villager (Male) |
| 2:47 | Queue | Villager (Male) |
| 3:09 | Queue | Villager (Male) |
| 3:09 | Queue | Villager (Male) |
| 3:22 | Build | House |
| 3:41 | Queue | Villager (Male) |
| 3:41 | Queue | Villager (Male) |
| 3:41 | Queue | Villager (Male) |
| 4:41 | Queue | Villager (Male) |
| 4:49 | Build | Lumber Camp |
| 4:52 | Build | House |
| 4:54 | Build | House |
| 4:57 | Queue | Villager (Male) |
| 4:59 | Queue | Villager (Male) |
| 5:22 | Queue | Villager (Male) |
| 5:22 | Queue | Villager (Male) |
| 6:42 | Queue | Villager (Male) |
| 7:04 | Research | Feudal Age |
| 7:12 | Build | House |
| 7:14 | Build | Palisade Wall |
| 7:16 | Build | House |
| 7:20 | Build | Palisade Wall |
| 7:21 | Build | Palisade Wall |
| 7:57 | Build | Barracks |
| 8:03 | Build | Palisade Wall |
| 8:32 | Build | Palisade Wall |
| 8:52 | Queue | Villager (Male) |
| 9:18 | Queue | Villager (Male) |
| 9:21 | Age | Feudal Age |
| 9:22 | Build | Archery Range |
| 9:24 | Build | House |
| 9:27 | Research | Double-Bit Axe |
| 9:28 | Queue | Villager (Male) |
| 9:32 | Build | House |
| 9:37 | Queue | Villager (Male) |
| 9:48 | Queue | Villager (Male) |
| 10:03 | Queue | Archer |
| 10:19 | Build | Mining Camp |
| 10:28 | Queue | Villager (Male) |
| 10:47 | Queue | Villager (Male) |
| 10:50 | Build | Mill |
| 11:02 | Build | House |
| 11:04 | Queue | Villager (Male) |
| 11:16 | Build | Farm |
| 11:20 | Build | Farm |
| 11:20 | Build | Farm |
| 11:24 | Queue | Archer |
| 11:40 | Build | Farm |
| 11:49 | Queue | Archer |
| 11:54 | Build | House |
| 12:02 | Build | House |
| 12:16 | Queue | Villager (Male) |
| 12:18 | Build | Farm |
| 12:30 | Queue | Archer |
| 12:41 | Queue | Villager (Male) |
| 12:43 | Build | Farm |
| 13:03 | Queue | Archer |
| 13:09 | Queue | Villager (Male) |
| 13:14 | Build | Blacksmith |
| 13:28 | Queue | Archer |
| 13:32 | Queue | Villager (Male) |
| 13:48 | Build | Farm |
| 14:10 | Research | Fletching |
| 14:15 | Build | Farm |
| 14:16 | Queue | Villager (Male) |
| 14:31 | Queue | Archer |
| 14:38 | Build | Farm |
| 14:45 | Research | Wheelbarrow |
| 14:50 | Build | Farm |
| 14:51 | Queue | Archer |
| 15:12 | Queue | Archer |
| 15:51 | Queue | Villager (Male) |
| 15:56 | Build | Farm |
| 16:32 | Build | Farm |
| 16:35 | Queue | Archer |
| 16:54 | Research | Castle Age |
| 16:54 | Research | Castle Age |
| 16:55 | Queue | Archer |
| 17:25 | Research | Horse Collar |
| 17:28 | Research | Padded Archer Armor |
| 17:29 | Research | Padded Archer Armor |
| 17:30 | Queue | Archer |
| 17:35 | Build | Farm |
| 17:36 | Build | Farm |
| 17:38 | Build | Farm |
| 17:43 | Build | Lumber Camp |
| 17:49 | Queue | Archer |
| 17:58 | Queue | Villager (Male) |
| 18:04 | Queue | Archer |
| 18:06 | Research | Gold Mining |
| 18:06 | Research | Gold Mining |
| 19:34 | Age | Castle Age |
| 19:37 | Research | Crossbowman (upgrade) |
| 19:37 | Research | Crossbowman (upgrade) |
| 19:38 | Research | Bodkin Arrow |
| 19:40 | Queue | Archer |
| 19:47 | Build | University |
| 20:00 | Queue | Archer |
| 20:04 | Research | Bow Saw |
| 20:22 | Queue | Archer |
| 20:23 | Queue | Villager (Male) |
| 20:31 | Build | Farm |
| 20:39 | Queue | Villager (Male) |
| 20:51 | Research | Ballistics |
| 20:51 | Research | Ballistics |
| 20:56 | Queue | Archer |
| 20:58 | Queue | Villager (Male) |
| 21:30 | Research | Leather Archer Armor |
| 21:30 | Research | Leather Archer Armor |
| 21:33 | Queue | Villager (Male) |
| 21:40 | Queue | Archer |
| 21:41 | Queue | Villager (Male) |
| 21:53 | Build | House |
| 21:57 | Queue | Villager (Male) |
| 22:49 | Queue | Archer |
| 22:57 | Queue | Archer |
| 22:58 | Queue | Villager (Male) |
| 22:58 | Queue | Villager (Male) |
| 22:58 | Queue | Villager (Male) |
| 23:04 | Build | Town Center |
| 23:07 | Build | Lumber Camp |
| 23:13 | Queue | Villager (Male) |
| 23:14 | Queue | Villager (Male) |
| 23:25 | Research | Town Watch |
| 23:29 | Queue | Archer |
| 23:30 | Queue | Villager (Male) |
| 23:41 | Build | Archery Range |
| 23:49 | Queue | Villager (Male) |
| 23:50 | Queue | Villager (Male) |
| 23:50 | Queue | Villager (Male) |
| 24:08 | Queue | Archer |
| 24:08 | Queue | Archer |
| 24:09 | Queue | Villager (Male) |
| 24:27 | Queue | Archer |
| 24:27 | Queue | Archer |
| 24:31 | Queue | Villager (Male) |
| 24:34 | Queue | Villager (Male) |
| 24:34 | Queue | Villager (Male) |
| 24:34 | Queue | Villager (Male) |
| 24:35 | Queue | Villager (Male) |
Build order — VNS__Pan
First 150 of 367 actions detected
| 0:03 | Queue | Villager (Male) |
| 0:03 | Queue | Villager (Male) |
| 0:04 | Queue | Villager (Male) |
| 0:04 | Queue | Villager (Male) |
| 0:07 | Build | House |
| 0:08 | Build | House |
| 1:29 | Queue | Villager (Male) |
| 1:29 | Queue | Villager (Male) |
| 2:03 | Queue | Villager (Male) |
| 2:03 | Queue | Villager (Male) |
| 2:21 | Queue | Villager (Male) |
| 2:21 | Queue | Villager (Male) |
| 2:53 | Queue | Villager (Male) |
| 2:53 | Queue | Villager (Male) |
| 3:11 | Queue | Villager (Male) |
| 3:11 | Queue | Villager (Male) |
| 3:11 | Queue | Villager (Male) |
| 3:39 | Build | House |
| 3:42 | Queue | Villager (Male) |
| 3:43 | Queue | Villager (Male) |
| 3:43 | Queue | Villager (Male) |
| 3:43 | Queue | Villager (Male) |
| 4:28 | Queue | Villager (Male) |
| 4:28 | Queue | Villager (Male) |
| 4:28 | Queue | Villager (Male) |
| 4:28 | Queue | Villager (Male) |
| 4:39 | Queue | Villager (Male) |
| 4:40 | Queue | Villager (Male) |
| 4:40 | Queue | Villager (Male) |
| 5:34 | Build | Barracks |
| 5:50 | Queue | Villager (Male) |
| 5:50 | Queue | Villager (Male) |
| 5:50 | Queue | Villager (Male) |
| 5:50 | Queue | Villager (Male) |
| 6:12 | Research | Loom |
| 6:30 | Build | House |
| 6:49 | Queue | Villager (Male) |
| 6:52 | Queue | Militia |
| 6:52 | Queue | Militia |
| 6:55 | Build | House |
| 7:13 | Queue | Villager (Male) |
| 7:41 | Build | Mining Camp |
| 7:44 | Queue | Villager (Male) |
| 8:12 | Research | Feudal Age |
| 8:12 | Research | Feudal Age |
| 8:23 | Build | Lumber Camp |
| 8:33 | Queue | Militia |
| 8:33 | Queue | Militia |
| 9:01 | Build | Mill |
| 9:45 | Build | Farm |
| 9:55 | Build | Farm |
| 9:56 | Build | Farm |
| 10:03 | Build | House |
| 10:22 | Age | Feudal Age |
| 10:25 | Research | Man-at-Arms (upgrade) |
| 10:25 | Research | Man-at-Arms (upgrade) |
| 10:25 | Research | Man-at-Arms (upgrade) |
| 10:26 | Queue | Villager (Male) |
| 11:00 | Queue | Villager (Male) |
| 11:04 | Build | Archery Range |
| 11:06 | Queue | Villager (Male) |
| 11:11 | Queue | Villager (Male) |
| 11:21 | Build | Farm |
| 11:29 | Research | Double-Bit Axe |
| 11:29 | Research | Double-Bit Axe |
| 11:29 | Research | Double-Bit Axe |
| 11:43 | Build | Farm |
| 11:55 | Queue | Archer |
| 11:55 | Queue | Archer |
| 12:10 | Queue | Villager (Male) |
| 12:23 | Queue | Villager (Male) |
| 12:29 | Build | House |
| 12:37 | Queue | Villager (Male) |
| 12:39 | Queue | Archer |
| 13:01 | Queue | Villager (Male) |
| 13:05 | Build | Farm |
| 13:08 | Queue | Archer |
| 13:13 | Queue | Villager (Male) |
| 13:19 | Build | House |
| 13:22 | Queue | Villager (Male) |
| 13:35 | Queue | Villager (Male) |
| 13:40 | Build | Blacksmith |
| 13:51 | Queue | Archer |
| 14:07 | Build | Farm |
| 14:27 | Build | Farm |
| 14:28 | Research | Fletching |
| 14:28 | Research | Fletching |
| 14:28 | Research | Fletching |
| 14:38 | Build | Palisade Wall |
| 14:42 | Build | Farm |
| 14:42 | Queue | Villager (Male) |
| 14:58 | Queue | Skirmisher |
| 15:10 | Queue | Villager (Male) |
| 15:13 | Build | Farm |
| 15:15 | Research | Horse Collar |
| 15:15 | Research | Horse Collar |
| 15:15 | Research | Horse Collar |
| 15:35 | Queue | Villager (Male) |
| 15:38 | Build | Farm |
| 15:47 | Queue | Villager (Male) |
| 15:54 | Build | House |
| 15:55 | Build | Palisade Wall |
| 15:59 | Queue | Villager (Male) |
| 16:04 | Queue | Villager (Male) |
| 16:07 | Build | Farm |
| 16:11 | Queue | Archer |
| 16:11 | Queue | Archer |
| 16:21 | Build | Palisade Wall |
| 16:34 | Build | Farm |
| 16:46 | Queue | Skirmisher |
| 16:51 | Queue | Villager (Male) |
| 16:53 | Build | Farm |
| 17:03 | Build | Market |
| 17:05 | Build | House |
| 17:12 | Queue | Villager (Male) |
| 17:14 | Queue | Villager (Male) |
| 17:28 | Build | House |
| 17:39 | Queue | Villager (Male) |
| 17:44 | Build | Palisade Wall |
| 18:04 | Build | Lumber Camp |
| 18:10 | Build | Archery Range |
| 18:19 | Queue | Archer |
| 18:39 | Research | Castle Age |
| 18:39 | Research | Castle Age |
| 18:39 | Research | Castle Age |
| 18:50 | Build | Mining Camp |
| 18:58 | Queue | Archer |
| 18:58 | Queue | Archer |
| 19:01 | Research | Padded Archer Armor |
| 19:01 | Research | Padded Archer Armor |
| 19:18 | Build | Palisade Gate |
| 19:26 | Research | Gold Mining |
| 19:27 | Research | Gold Mining |
| 19:31 | Queue | Archer ×2 |
| 19:32 | Queue | Archer ×2 |
| 20:09 | Queue | Archer ×2 |
| 20:10 | Queue | Archer |
| 20:21 | Build | House |
| 20:53 | Queue | Archer ×4 |
| 20:57 | Build | House |
| 20:59 | Build | House |
| 21:03 | Build | House |
| 21:19 | Age | Castle Age |
| 21:23 | Research | Crossbowman (upgrade) |
| 21:23 | Research | Crossbowman (upgrade) |
| 21:23 | Research | Crossbowman (upgrade) |
| 21:29 | Research | Bodkin Arrow |
| 21:30 | Research | Bodkin Arrow |
| 21:31 | Research | Bow Saw |
| 21:31 | Research | Bow Saw |
Match timeline
| 5:34 | VNS__Pan · first_building Barracks |
| 7:14 | 边尘使 · wall_segment Palisade Wall x6 |
| 7:20 | 边尘使 · wall_segment Palisade Wall x1 |
| 7:21 | 边尘使 · wall_segment Palisade Wall x1 |
| 7:57 | 边尘使 · first_building Barracks |
| 8:03 | 边尘使 · wall_segment Palisade Wall x6 |
| 8:32 | 边尘使 · wall_segment Palisade Wall x3 |
| 9:21 | 边尘使 · age_up feudal |
| 9:22 | 边尘使 · first_building Archery Range |
| 10:22 | VNS__Pan · age_up feudal |
| 11:04 | VNS__Pan · first_building Archery Range |
| 14:38 | VNS__Pan · wall_segment Palisade Wall x13 |
| 15:55 | VNS__Pan · wall_segment Palisade Wall x1 |
| 16:21 | VNS__Pan · wall_segment Palisade Wall x6 |
| 17:44 | VNS__Pan · wall_segment Palisade Wall x7 |
| 18:31 | VNS__Pan · first_market_buy 100 food |
| 19:34 | 边尘使 · age_up castle |
| 21:19 | VNS__Pan · age_up castle |
| 23:32 | VNS__Pan · wall_segment Palisade Wall x1 |
| 23:42 | VNS__Pan · first_building Stable |
| 27:24 | 边尘使 · first_market_sell 100 wood |
| 27:25 | 边尘使 · first_market_buy 100 stone |
| 27:29 | 边尘使 · first_building Monastery |
| 30:08 | VNS__Pan · first_building Monastery |
| 31:08 | VNS__Pan · first_building Siege Workshop |
| 31:55 | 边尘使 · first_building Stable |
| 32:08 | 边尘使 · first_building Castle |
| 36:58 | VNS__Pan · age_up imperial |
| 37:24 | 边尘使 · age_up imperial |
| 39:56 | VNS__Pan · resign |
[ AI ANALYSIS · 1 CREDIT ]
What really happened in this match?
Wolo.gg analyzes every decision: build order, eco, micro, common mistakes by bracket. Personalized analysis on WhatsApp or Discord in 30 seconds.
Civ guide
Chinese
Perfil
Jugador #14025904